 Dungeon Crawl Stone Soup version 0.31.0-10-gcf4a605ca0 (webtiles) character file.

Game seed: 6151435836539061682

158 emikaela the Ruffian (level 5, -3/52 HPs)
             Began as an Octopode Shapeshifter on Jan 26, 2024.
             Killed from afar by an orc wizard (8 damage)
             ... with a magic dart
             ... on level 3 of the Dungeon.
             The game lasted 00:08:16 (1840 turns).

emikaela the Ruffian (Octopode Shapeshifter)        Turns: 1840, Time: 00:08:17

Health: -3/52      AC: 22    Str: 14    XL:     5   Next: 40%
Magic:  0/5        EV:  2    Int: 12    God:
Gold:   126        SH:  0    Dex: 13    Spells: 4/4 levels left

rFire   . .          .
                       - Unarmed
rCold   . . .        (no shield)
rNeg    . . .        (helmet currently unavailable)
rPois   +            i - amulet of guardian spirit
rElec   .            (no ring)
rCorr   .            (no ring)
SInv    .            (no ring)
Will    .....        (no ring)
Stlth   +            (no ring)
HPRegen 0.28/turn    (no ring)
MPRegen 0.09/turn    (no ring)
                     (no ring)

%: guardian spirit
@: confused, brilliant, tree-form
A: stationary, stasis, torment immunity, boosted hp, almost no armour,
(amphibious), 8 rings, (camouflage 1), (gelatinous body 1), (nimble swimmer 1),
(tentacles)
a: no special abilities


You were on level 3 of the Dungeon.
You were a tree.
You visited 1 branch of the dungeon, and saw 3 of its levels.

You collected 126 gold pieces.

Inventory:

Hand Weapons
 b - a +2 heavy sling
Missiles
 n - 5 boomerangs
 s - 35 stones (quivered)
Jewellery
 i - an amulet of guardian spirit (around neck)
Talismans
 c - a flux talisman
 k - a beast talisman (active)
Wands
 P - a wand of paralysis (9)
Scrolls
 d - a scroll of fear {unknown}
 g - 2 scrolls of immolation {unknown}
 h - a scroll of enchant weapon {unknown}
 m - a scroll of revelation {unknown}
 p - a scroll of teleportation
Potions
 e - a potion of magic {unknown}
 f - a potion of berserk rage {unknown}
 j - a potion of brilliance
 l - a potion of enlightenment {unknown}


   Skills:
 + Level 2.6 Fighting
 - Level 2.0 Dodging
 + Level 1.9 Stealth
 + Level 3.9 Unarmed Combat
 + Level 1.6 Evocations
 + Level 3.7 Shapeshifting


You had 4 spell levels left.
You didn't know any spells.
Your spell library contained the following spells:

 Spells                   Type           Power      Damage    Failure   Level
 Shock                    Conj/Air       0%         1d3       32%         1
 Swiftness                Air            0%         N/A       69%         3
 Airstrike                Air            0%         2d(0-16)  97%         4


Dungeon Overview and Level Annotations

Branches:
Dungeon (3/15)

Altars:


Innate Abilities, Weirdness & Mutations

You are a tree.
Your roots penetrate the ground, keeping you stationary.
You cannot be teleported.
You are immune to unholy pain and torment.
Your maximum health is greatly increased.
You cannot wear most types of armour.
((You are amphibious.))
You can wear up to eight rings at the same time.
((Your skin changes colour to match your surroundings (Stealth+).))
((Your rubbery body absorbs attacks. (AC +1, EV +1)))
((You are camouflaged when in or above water. (Stealth+)))
((You have tentacles for arms and can constrict up to eight enemies at once.))


Message History

Okay, then.
You nearly hit yourself!
The orc wizard gestures at you while chanting.
The puff of flame hits you but does no damage.
Something hits you but does no damage.
You smack the orc wizard!
You kill the orc wizard!
Something hits you.
* * * LOW MAGIC WARNING * * *
You attack the rock wall.
Something hits you.
* * * LOW HITPOINT WARNING * * *
The orc hits you with a +0 dagger.
* * * LOW HITPOINT WARNING * * *
You hit the orc.
The orc is almost dead.
You hear some strange, mumbled words.
A puff of flame appears from out of thin air!
The puff of flame hits you.
* * * LOW HITPOINT WARNING * * *
The orc hits you but does no damage.
You smack the orc!
You kill the orc!
Something hits you but does no damage.
You attack the rock wall.
You hear some strange, mumbled words.
A magic dart appears from out of thin air!
The magic dart hits you but does no damage.
You closely miss something.
You feel less confused.
You hear some strange, mumbled words.
You are confused.
You miss something. Something hits you but does no damage.
You nearly hit yourself!
Something hits you but does no damage.
You miss something. Something hits you but does no damage.
You attack the rock wall.
You hear some strange, mumbled words.
A magic dart appears from out of thin air!
The magic dart hits you!
* * * LOW MAGIC WARNING * * *
You die...

#......
#..... ..
#.).. .....
... .>...
#.####.#...
###<..o....#
#..$##......
#.###...###
#.)♣{..#
#####.##
#..# #.##
#.# #.# #.##
########..#
#.........##


There were no monsters in sight!

Vanquished Creatures
  2 orc wizards (D:3)
  A gnoll (D:2)
  4 adders (D:2)
  3 dart slugs
  2 orcs (D:3)
  4 ball pythons
  9 endoplasms
  3 giant cockroaches
  4 goblins
  6 hobgoblins
  6 kobolds
  2 quokkas (D:1)
  3 bats
  5 frilled lizards
  5 rats
59 creatures vanquished.

Notes
Turn   | Place    | Note
-------+----------+-------------------------------------------
     0 | D:1      | emikaela the Octopode Shapeshifter began the quest for the
                  | Orb.
     0 | D:1      | Reached XP level 1. HP: 13/13 MP: 1/1
    17 | D:1      | Noticed a centaur
    82 | D:1      | Reached XP level 2. HP: 17/18 MP: 2/2
   463 | D:1      | Reached XP level 3. HP: 24/24 MP: 3/3
   942 | D:2      | Reached XP level 4. HP: 29/29 MP: 4/4
  1242 | D:2      | Reached skill level 1 in Evocations
  1480 | D:2      | Reached skill level 1 in Stealth
  1821 | D:3      | Reached XP level 5. HP: 7/35 MP: 1/5
  1840 | D:3      | Killed from afar by an orc wizard

Illustrated notes

Levels and vault maps discovered:
D:1:      evilmike_arrival_come_back, layout_rooms, interstate_on_off,
          serial_bayou_pond_a
D:2:      minmay_inner_zag, layout_loops_ring
D:3:      layout_rooms, uniq_crazy_yiuf_cottage

Skill      XL: |  1  2  3  4 |
---------------+-------------+-----
Fighting       | 2 |  2.6
Evocations     | 1 |  1.6
Stealth        | 1 |  1.9
Dodging        | |  2.0
Unarmed Combat | |  3.9
Shapeshifting  | |  3.7

Action                     |  1- 3 |  4- 6 || total
---------------------------+-------+-------++-------
  Melee: Unarmed           |    70 |    39 ||   109
         Constrict         |    18 |     5 ||    23
         Punch             |     4 |       ||     4
         Tentacles         |     8 |     6 ||    14
   Fire: Sling             |       |    10 ||    10
    Use: Scroll            |     1 |       ||     1
         Potion            |       |     2 ||     2
   Stab: Sleeping          |    10 |     3 ||    13
 Armour: Skin              |    13 |    56 ||    69
  Dodge: Dodged            |    29 |    15 ||    44
   Form: Beast             |     1 |       ||     1
